 Dungeon Crawl Stone Soup version 0.30-a0-575-g6f4a10e2d2 (webtiles) character file.

Game seed: 2893239723418037893

65 Conn the Firebug (level 4, -1/27 HPs)
             Began as an Octopode Fire Elementalist on Dec 30, 2022.
             Slain by a hobgoblin (4 damage)
             ... on level 2 of the Dungeon.
             The game lasted 00:03:22 (736 turns).

Conn the Firebug (Octopode Fire Elementalist)        Turns: 736, Time: 00:03:23

Health: -1/27      AC:  1    Str:  7    XL:     4   Next: 14%
Magic:  7/7        EV:  7    Int: 19    God:
Gold:   51         SH:  0    Dex: 12    Spells: 1/7 levels left

rFire   . . .      SeeInvis .    b - +0 short sword
rCold   . . .      Faith    .    (no shield)
rNeg    . . .      Spirit   .    (helmet restricted)
rPois   .          Reflect  .    (no amulet)
rElec   .          Harm     .    (no ring)
rCorr   .          Rampage  .    (no ring)
Will    .....                    (no ring)
Stlth   ++                       (no ring)
HPRegen 0.24/turn                (no ring)
MPRegen 0.10/turn                (no ring)
                                 (no ring)
                                 (no ring)

@: brilliant, silenced, on berserk cooldown, flying, held, slowed, very slow
A: almost no armour, amphibious, 8 rings, camouflage 1, gelatinous body 1,
(nimble swimmer 1), tentacles
a: no special abilities


You were on level 2 of the Dungeon.
You visited 1 branch of the dungeon, and saw 2 of its levels.

You collected 51 gold pieces.

Inventory:

Hand Weapons
 b - a +0 short sword (weapon)
Jewellery
 d - an amulet of reflection
Scrolls
 e - a scroll of noise {unknown}
 g - a scroll of immolation {unknown}
Potions
 a - a potion of magic


   Skills:
 + Level 0.4 Short Blades
 + Level 2.1 Dodging
 + Level 3.2 Stealth
 + Level 2.2 Spellcasting
 + Level 1.9 Conjurations
 + Level 3.9 Fire Magic


You had one spell level left.
You knew the following spells:

 Your Spells              Type           Power      Damage    Failure   Level
a - Foxfire               Conj/Fire      76%        2x1d7     4%          1
b - Kindle Blastsparks    Fire/Tloc/Air  20%        2d11      28%         3
e - Scorch                Fire           50%        2d8       4%          2

Your spell library contained the following spells:

 Spells                   Type           Power      Damage    Failure   Level
 Inner Flame              Hex/Fire       14%        N/A       22%         3
 Flame Wave               Conj/Fire      19%        2d7       43%         4


Dungeon Overview and Level Annotations

Branches:
Dungeon (2/15)

Altars:


Innate Abilities, Weirdness & Mutations

You cannot wear most types of armour.
You are amphibious.
You can wear up to eight rings at the same time.
Your skin changes colour to match your surroundings (Stealth+).
Your rubbery body absorbs attacks. (AC +1, EV +1)
((You are camouflaged when in or above water. (Stealth+)))
You have tentacles for arms and can constrict up to eight enemies at once.


Message History

The adder bites you. The gnoll closely misses you.
You see here a hobgoblin corpse.
You puncture the gnoll! You grab the gnoll.
The gnoll is almost dead.
You constrict the gnoll, but do no damage.
The gnoll barely misses you. The adder closely misses you.
You puncture the gnoll!
You kill the gnoll!
Your Stealth skill increases to level 3!
You hit the adder. Your grab misses the adder.
The adder is heavily wounded.
The adder closely misses you.
You completely miss the adder. You grab the adder. You squeeze the adder!
You kill the adder!
You puncture the gnoll! You grab the gnoll.
The gnoll is almost dead.
You constrict the gnoll, but do no damage.
You puncture the gnoll!
You kill the gnoll!
The gnoll throws a throwing net.
The throwing net hits you.
You become entangled in the net!
You have reached level 4!
You are too berserk!
You struggle against the net.
You struggle against the net.
You feel a strong urge to attack something.
You are no longer berserk.
You are exhausted.
You feel yourself slow down.
You struggle against the net.
The hobgoblin hits you but does no damage.
You struggle against the net.
The hobgoblin hits you.
The gnoll hits you from afar with a +0 halberd!
* * * LOW HITPOINT WARNING * * *
Okay, then.
Okay, then.
It was a potion of brilliance.
You feel clever all of a sudden. The hobgoblin hits you.
You die...

..#... # #..... .#
###.....#####.#
.......#.......#
..............##
...............#
.....(............#
............)$....#
............@.....#
..........)g...).#
........g......##
##.....#.....##
#....#####..#
#.....g.##.##
........###g#..#
........# #g#.##
........# #.#.#


You could see a gnoll and a hobgoblin.

Vanquished Creatures
  An adder (D:2)
  3 gnolls (D:2)
  A dart slug (D:1)
  A ball python (D:1)
  2 bats (D:1)
  A giant cockroach (D:1)
  2 goblins (D:1)
  2 hobgoblins
  4 jackals (D:1)
  3 kobolds
  A quokka (D:1)
  A frilled lizard (D:1)
22 creatures vanquished.

Vanquished Creatures (others)
  44 foxfires
44 creatures vanquished.

Grand Total: 66 creatures vanquished

Notes
Turn   | Place    | Note
-------+----------+-------------------------------------------
     0 | D:1      | Conn the Octopode Fire Elementalist began the quest for the
                  | Orb.
     0 | D:1      | Reached XP level 1. HP: 11/11 MP: 3/3
   200 | D:1      | Reached XP level 2. HP: 17/17 MP: 0/5
   661 | D:2      | Reached XP level 3. HP: 21/21 MP: 6/6
   694 | D:1      | Learned a level 2 spell: Scorch
   698 | D:1      | Learned a level 3 spell: Kindle Blastsparks
   732 | D:2      | Reached XP level 4. HP: 24/27 MP: 7/7
   736 | D:2      | Slain by a hobgoblin

Illustrated notes

Levels and vault maps discovered:
D:1:      dpeg_arrival_erosion, layout_rooms, minmay_statues_item
D:2:      layout_rooms

Skill      XL: |  1  2  3 |
---------------+----------+-----
Stealth        | 3 |  3.2
Short Blades   | |  0.4
Dodging        | |  2.1
Spellcasting   | |  2.2
Conjurations   | |  1.9
Fire Magic     | |  3.9

Action                   |  1- 3 |  4- 6 || total
-------------------------+-------+-------++-------
Melee: Short sword       |    24 |       ||    24
       Constrict         |    12 |       ||    12
       Tentacles         |     6 |       ||     6
 Cast: Foxfire           |    23 |       ||    23
  Use: Potion            |     2 |     1 ||     3
       Scroll            |     1 |       ||     1
 Stab: Sleeping          |     3 |       ||     3
Armor: Skin              |     1 |     1 ||     2
Dodge: Dodged            |    27 |       ||    27

Table legend: (Time is in decaauts)
 A = Elapsed time spent in this place.
 B = Non-inter-level travel time spent in this place.
 C = Inter-level travel time spent in this place.
 D = Time resting spent in this place.
 E = Time spent auto-exploring this place.
 F = Levels seen in this place.
 G = Mean time per level.
                   A        B        C        D        E       F      G
               +--------+--------+--------+--------+--------+-----+--------+
         Total |    732 |    732 |      0 |      0 |    467 |   2 |  366.0 |
       Dungeon |    732 |    732 |      0 |      0 |    467 |   2 |  366.0 |
               +--------+--------+--------+--------+--------+-----+--------+

Top non-repeatable levels by time:
     D:1: 683 daAuts
     D:2: 49 daAuts
